 Dungeon Crawl Stone Soup version 0.27.0-1-g7a089689b8 (webtiles) character file.

Game seed: 2027409199770990413

77 ABBCCCDDDD the Firebug (level 4, -1/36 HPs)
             Began as a Deep Elf Fire Elementalist on Aug 9, 2021.
             Slain by an adder (2 damage)
             ... on level 2 of the Dungeon.
             The game lasted 00:04:08 (2441 turns).

ABBCCCDDDD the Firebug (Deep Elf Fire Elementalist) Turns: 2441, Time: 00:04:09

Health: -1/36      AC: 22    Str:  5    XL:     4   Next: 13%
Magic:  11/11      EV:  2    Int: 21    God:
Gold:   64         SH:  0    Dex: 15    Spells: 9/10 levels left

rFire    . . .     SeeInvis .   b - +0 dagger
rCold    . . .     Faith    .   (no shield)
rNeg     + + +     Spirit   .   (armour currently unavailable)
rPois    +         Reflect  .   (helmet currently unavailable)
rElec    .         Harm     .   (cloak currently unavailable)
rCorr    .         Rampage  .   (gloves currently unavailable)
Will     .....     NoTele   +   (boots currently unavailable)
Stlth    ++........             (no amulet)
HPRegen  0.12/turn              (no ring)
MPRegen  0.12/turn              (no ring)

@: tree-form
A: stationary, stasis, torment immunity, boosted hp
a: no special abilities


You were on level 2 of the Dungeon.
You were a tree.
You visited 1 branch of the dungeon, and saw 3 of its levels.

You collected 64 gold pieces.

Inventory:

Hand Weapons
 b - a +0 dagger (weapon)
Armour
 a - a +0 robe (melded)
 f - a +0 helmet (melded)
Scrolls
 c - a scroll of magic mapping {unknown}
 d - 3 scrolls of teleportation
 e - a scroll of holy word {unknown}
 h - 2 scrolls of vulnerability {unknown}


   Skills:
 + Level 3.2 Dodging
 + Level 3.3 Stealth
 + Level 3.7 Spellcasting
 + Level 2.1 Conjurations
 + Level 3.8 Fire Magic


You had 9 spell levels left.
You knew the following spells:

 Your Spells              Type           Power      Damage    Failure   Level
a - Foxfire               Conj/Fire      64%        2x1d7     3%          1

Your spell library contained the following spells:

 Spells                   Type           Power      Damage    Failure   Level
 Conjure Flame            Conj/Fire      16%        6-21      11%         3
 Inner Flame              Hex/Fire       11%        N/A       17%         3
 Sticky Flame             Conj/Fire      16%        2d4       34%         4
 Summon Guardian Golem    Hex/Summ       3%         N/A       36%         3
 Fireball                 Conj/Fire      8%         3d6       69%         5
 Olgreb's Toxic Radiance  Pois           3%         N/A       77%         4
 Orb of Destruction       Conj           6%         9d3       100%        7
 Ozocubu's Refrigeration  Ice            1%         4d5       100%        7
 Spellforged Servitor     Conj/Summ      4%         N/A       100%        7
 Ignition                 Fire           9%         3d5       100%        8


Dungeon Overview and Level Annotations

Branches:
Dungeon (3/15)

Altars:

Annotations:
D:2 Robin
D:3 Grinder, Natasha


Message History

Natasha stares at you and mumbles some strange words.
The magic dart hits you!
Natasha howls an incantation.
You feel disoriented.
Natasha stares at you and mumbles some strange words.
The magic dart hits you!
* * * LOW HITPOINT WARNING * * *
Natasha casts a spell at you. You resist with some effort.
Natasha stares at you and mumbles some strange words.
The magic dart hits you.
* * * LOW HITPOINT WARNING * * *
There is a stone staircase leading up here.
You climb upwards.
Level annotation: Robin A goblin comes into view.
It is wielding a +0 club.
The goblin shouts! x4
The adder closely misses you. x2
There is a stone staircase leading down here.
There are monsters nearby!
Unknown command.
The goblin hits you with a +0 club.
* * * LOW HITPOINT WARNING * * *
It was a potion of lignification.
You turn into a tree.
Your +0 helmet melds into your body.
Your +0 robe melds into your body.
Your roots penetrate the ground.
The adder bites you but does no damage.
The goblin hits you but does no damage. x2
Robin says, "My goblins will feast on your bones."
The adder bites you but does no damage.
You cannot teleport because you are held in place by your roots.
Unknown command.
You miss the goblin.
The goblin hits you but does no damage. x2
The adder bites you.
* * * LOW HITPOINT WARNING * * *
Robin roars a battlecry!
The goblins go into a battle-frenzy!
You closely miss the goblin. The goblin barely misses you.
The goblin hits you but does no damage. The adder bites you but does no damage.
You hit the goblin but do no damage. The adder bites you.
You die... ################## #.............(... #.################ #.# #...# #(#####g. ####...# #gSgggggg

+.......
#♣#####g.
########
#g#
#......
...
#.......
.....
#.......
.......
#...#...
##......#
#...#...
#......#
#...#...
#......#
#...#...
###...#...


You could see Robin, an adder, a hobgoblin (strong) and 7 goblins.

Vanquished Creatures
  3 gnolls
  A worm (D:3)
  2 dart slugs
  6 ball pythons
  2 endoplasms
  A giant cockroach (D:2)
  4 hobgoblins
  3 jackals (D:2)
  3 kobolds
  2 quokkas
  2 bats (D:1)
  7 goblins
  2 rats (D:2)
38 creatures vanquished.

Vanquished Creatures (others)
  183 foxfires
183 creatures vanquished.

Grand Total: 221 creatures vanquished

Notes
Turn   | Place    | Note
-------+----------+-------------------------------------------
     0 | D:1      | ABBCCCDDDD the Deep Elf Fire Elementalist began the quest
                  | for the Orb.
     0 | D:1      | Reached XP level 1. HP: 10/10 MP: 6/6
   322 | D:1      | Reached XP level 2. HP: 15/15 MP: 2/8
   382 | D:1      | Found a faded altar of an unknown god.
  1545 | D:2      | Reached XP level 3. HP: 19/19 MP: 3/9
  2128 | D:2      | Noticed Robin
  2131 | D:3      | Noticed Grinder
  2169 | D:3      | Reached XP level 4. HP: 15/24 MP: 1/11
  2420 | D:3      | Noticed Natasha
  2437 | D:2      | HP: 1/24 [goblin (4)]
  2441 | D:2      | Slain by an adder

Illustrated notes

Levels and vault maps discovered:
D:1:      sevenhm_arrival_forest_fort_small_6, layout_loops_ring,
          shapermc_ecumenical_altar_venn, st_stairs_9
D:2:      layout_basic, uniq_robin
D:3:      layout_rooms, uniq_natasha, uniq_terence, uniq_grinder

Skill      XL: |  1  2  3 |
---------------+----------+-----
Stealth        | 3 |  3.3
Dodging        | 3 |  3.2
Conjurations   | 2 |  2.1
Spellcasting   | |  3.7
Fire Magic     | |  3.8

Action                   |  1- 3 |  4- 6 || total
-------------------------+-------+-------++-------
Melee: Dagger            |       |     3 ||     3
 Cast: Foxfire           |   112 |    13 ||   125
  Use: Scroll            |     1 |       ||     1
       Potion            |       |     1 ||     1
Armor: Robe              |     3 |       ||     3
       Skin              |       |     8 ||     8
Dodge: Dodged            |     4 |     3 ||     7
